Map: New Repugnancy LE

Players

llllllllllll

  • Race: Terran Terran
  • League: Master
  • Spawn Location: 1:00

ViBE - Winner!

  • Race: Zerg Zerg
  • League: Grandmaster
  • Spawn Location: 7:00

VOD

Have the link to the VOD?

Description

Time

  • Played on: June 18, 2019, 12:56 a.m.
  • Length: 5:12
Show
View Real Time Build Order
Export as new Build Order

llllllllllll Terran 

Build Orders: Liberator Opening 

Get SALT Encoding   

  12  0:01  SCV  
  13  0:13  SCV  
  14  0:18  Supply Depot  
  14  0:25  SCV  
  15  0:39  SCV  
  15  0:40  Barracks  
  16  0:45  Refinery  
  16  0:51  SCV  
  17  1:03  SCV  
  18  1:16  SCV  
  19  1:27  Barracks Reactor  
  19  1:28  Orbital Command  
  19  1:40  Command Center  
  19  1:49  Supply Depot  
  19  1:53  SCV  
  20  2:03  Marine x2  
  20  2:08  Factory  
  22  2:10  SCV  
  23  2:17  Refinery  
  23  2:21  Marine x2  
  25  2:25  SCV  
  26  2:37  SCV  
  26  2:41  Marine x2  
  29  2:49  SCV  
  30  2:52  Starport, Factory Reactor  
  30  2:56  Orbital Command  
  30  3:01  SCV  
  31  3:05  Marine x2  
  33  3:13  SCV  
  32  3:20  Liberator  
  32  3:23  Marine x2  
  33  3:35  Supply Depot x2  
  33  3:38  Widow Mine  
  33  3:41  Marine x2  
  37  3:45  Supply Depot  
  39  4:00  Marine  
  39  4:01  Factory Tech Lab  
  34  4:13  Viking  
  34  4:20  Viking  
  34  4:29  Orbital Command  
  34  4:30  Siege Tank  
  13  4:57  SCV  
Show
View Real Time Build Order
Export as new Build Order

ViBE Zerg - Winner!

Build Orders: Hatch First 

Get SALT Encoding   

  12  0:00  Drone  
  13  0:14  Overlord  
  13  0:17  Drone  
  14  0:32  Drone x2  
  16  0:52  Hatchery  
  16  0:54  Drone  
  16  0:57  Drone  
  17  1:11  Spawning Pool  
  17  1:14  Drone  
  18  1:18  Drone  
  18  1:24  Drone  
  19  1:29  Extractor  
  19  1:30  Drone  
  19  1:32  Extractor  
  18  1:41  Drone  
  19  1:53  Drone  
  20  1:59  Queen  
  22  2:01  Roach Warren  
  22  2:05  Queen  
  23  2:08  Drone  
  23  2:13  Overlord  
  24  2:21  Drone  
  25  2:23  Drone  
  26  2:33  Overlord  
  26  2:41  Roach  
  26  2:42  Roach x2  
  32  2:54  Drone  
  33  3:01  Roach  
  33  3:04  Overlord  
  35  3:25  Ravager  
  36  3:29  Roach  
  36  3:30  Roach x2  
  42  3:35  Ravager x2  
  42  3:38  Hatchery  
  43  3:51  Ravager  
  44  4:21  Spine Crawler  
  44  4:22  Spine Crawler  
  42  4:24  Spine Crawler x2  
  40  4:37  Roach x3  
Tags
 
Add a new tag
Caveats
  • Supply blocks, unpowered buildings, or Contaminate may cause inaccurate times.
  • Supply counts are checked every 10 seconds.